 Dungeon Crawl Stone Soup version 0.19-a0-1790-g026f1ef (webtiles) character file.

1356 Proteus the Unseen (level 8, 0/58 HPs)
             Began as a Spriggan Assassin on Oct 4, 2016.
             Was a Follower of Okawaru.
             Succumbed to Gottschkopf's ghost's poison
             ... on level 5 of the Dungeon.
             The game lasted 00:19:15 (7392 turns).

Proteus the Unseen (Spriggan Assassin)              Turns: 7392, Time: 00:19:15

Health: 0/58       AC: 31    Str:  7    XL:     8   Next: 37%
Magic:  9/9        EV:  4    Int: 12    God:    Okawaru [*.....]
Gold:   241        SH:  0    Dex: 20    Spells: 0 memorised, 7 levels left

rFire  + . .     SeeInvis +     y - +2 dagger (protect)
rCold  + + .     Gourm    .     (armour currently unavailable)
rNeg   + + +     Faith    .     (shield restricted)
rPois  +         Spirit   .     (helmet currently unavailable)
rElec  +         Dismiss  .     (cloak currently unavailable)
rCorr  +         Reflect  .     (gloves unavailable)
MR     +....     Harm     .     (boots unavailable)
Stlth  +++++++++. NoTele   +    (no amulet)
                                m - ring of protection from cold
                                t - +5 ring of evasion

@: lethally poisoned (0 -> -24), tree-form, resistant, protection aura, very
slightly contaminated
A: unfitting armour, see invisible, herbivore 3, (speed 0), slow metabolism 2
a: Heroism, Renounce Religion


You were on level 5 of the Dungeon.
You worshipped Okawaru.
Okawaru was aware of your devotion.
You were not hungry.
You were a tree.
You visited 2 branches of the dungeon, and saw 7 of its levels.
You also visited: Sewer.

You collected 241 gold pieces.

Inventory:

Hand Weapons
 a - a +2 dagger
 b - a +0 blowgun
 p - a +1 dagger of venom
 y - a +2 dagger of protection (weapon)
Missiles
 e - 20 poisoned needles
 h - 2 curare-tipped needles
Armour
 c - a +0 robe (melded)
 d - a +2 cloak (melded)
Jewellery
 m - a ring of protection from cold (right branch)
 r - an uncursed ring of fire
 t - a +5 ring of evasion (left branch)
Wands
 l - a wand of flame (36/48)
Scrolls
 f - 2 scrolls of magic mapping
 k - 3 scrolls of remove curse
 x - a scroll of recharging
Potions
 n - 2 potions of magic
 o - 6 potions of flight
 q - 6 potions of brilliance
 s - 2 potions of resistance
Books
 i - a book of Misfortune

   Spells                             Type                      Level
   a - Confusing Touch                Hexes                        1
   b - Confuse                        Hexes                        3
   c - Gell's Gravitas                Hexes/Translocation          3
   d - Petrify                        Transmutation/Earth          4
   e - Metabolic Englaciation         Hexes/Ice                    5
   f - Yara's Violent Unravelling     Hexes/Transmutation          5
Comestibles
 g - 3 bread rations
 v - 6 fruits


   Skills:
 + Level 1.9 Fighting
 + Level 2.6 Short Blades
 + Level 2.6 Throwing
 + Level 2.2 Dodging
 * Level 15.3 Stealth


You had 7 spell levels left.
You didn't know any spells.

Dungeon Overview and Level Annotations

Branches:
Dungeon (6/15)             Temple (1/1) D:4

Altars:
Ashenzari
Cheibriados
Dithmenos
Elyvilon
Fedhas
Gozag
Hepliaklqana
Kikubaaqudgha
Okawaru
Qazlal
Sif Muna
Trog
Uskayaw
Vehumet
Xom
Yredelemnul
The Shining One

Annotations:
D:4 Proteus's ghost, amateur SpAs
D:5 Gottschkopf's ghost, novice DEAE


Innate Abilities, Weirdness & Mutations

You are very small and have problems with some larger weapons.
You are too small for most types of armour.
You have supernaturally acute eyesight. (SInv)
You are a herbivore.
((You cover ground extremely quickly.))
You need consume almost no food.


Message History

Gottschkopf's ghost hits you but does no damage.
Okay, then.
Unknown command.
Okay, then.
Unknown command.
Unknown command.
You hit Gottschkopf's ghost but do no damage.
Gottschkopf's ghost is severely damaged.
* * * LOW HITPOINT WARNING * * *
You feel sick.
Gottschkopf's ghost hits you but does no damage.
You are more poisoned.
You hit Gottschkopf's ghost but do no damage.
Gottschkopf's ghost is severely damaged.
* * * LOW HITPOINT WARNING * * *
You feel sick.
Gottschkopf's ghost hits you but does no damage.
You hit Gottschkopf's ghost but do no damage.
Gottschkopf's ghost is severely damaged.
You die...

###### #....#
##..#.#
#...#.####
#...#.W..##
##..##♣#...#
#...##.#...#
#...##.#...##
##...##.##...#
###...######...##
###.....# ##...#
##......## #...##
#.....### ##...##
#####...###
##...##


You could see Gottschkopf's ghost.

Vanquished Creatures
  Grinder (D:3)
  Purgy (Sewer)
  A phantom (D:4)
  3 ogres
  2 centaurs
  A scorpion (D:5)
  2 crimson imps (D:5)
  A hound (D:5)
  A bullfrog skeleton (D:5)
  Ijyb (D:2)
  4 worker ants
  8 gnolls
  8 adders
  A shadow imp (D:5)
  4 oozes
  2 worms
  A dart slug (D:3)
  5 leopard geckos
  5 orcs
  2 ball pythons (Sewer)
  10 bats
  5 giant cockroaches
  8 hobgoblins
  8 kobolds
  2 quokkas (D:2)
  9 frilled lizards
  4 goblins
  A leopard gecko skeleton (D:4)
  7 rats
108 creatures vanquished.

Vanquished Creatures (others)
  2 orcs (D:5)
2 creatures vanquished.

Grand Total: 110 creatures vanquished

Notes
Turn   | Place    | Note
-------+----------+-------------------------------------------
     0 | D:1      | Proteus the Spriggan Assassin began the quest for the Orb.
     0 | D:1      | Reached XP level 1. HP: 10/10 MP: 2/2
    59 | D:1      | Reached skill level 6 in Stealth
    70 | D:1      | Reached XP level 2. HP: 9/14 MP: 3/3
   699 | D:1      | Reached skill level 7 in Stealth
  1223 | D:1      | Reached XP level 3. HP: 18/18 MP: 4/4
  1371 | D:2      | Noticed Ijyb
  1435 | D:2      | Killed Ijyb
  1435 | D:2      | Reached skill level 8 in Stealth
  1617 | D:2      | Reached XP level 4. HP: 10/22 MP: 5/5
  2034 | D:2      | Reached skill level 9 in Stealth
  2799 | D:3      | Reached XP level 5. HP: 25/25 MP: 6/6
  2854 | D:3      | Noticed Grinder
  2859 | D:3      | Killed Grinder
  2859 | D:3      | Reached skill level 11 in Stealth
  2859 | D:3      | Reached XP level 6. HP: 27/30 MP: 7/7
  2905 | D:3      | Found a shattered altar of Ashenzari.
  3031 | D:3      | Reached skill level 12 in Stealth
  3961 | D:4      | Noticed Proteus's ghost (amateur SpAs)
  4492 | D:4      | Reached XP level 7. HP: 33/33 MP: 8/8
  4577 | D:4      | Found a staircase to the Ecumenical Temple.
  4597 | Temple   | Entered the Ecumenical Temple
  4652 | Temple   | Became a worshipper of Warmaster Okawaru
  4816 | D:4      | Reached skill level 13 in Stealth
  4848 | D:5      | Entered Level 5 of the Dungeon
  4848 | D:5      | Noticed Gottschkopf's ghost (novice DEAE)
  5237 | D:5      | Found a glowing drain.
  5261 | Sewer    | Entered a sewer
  5285 | Sewer    | Noticed Purgy
  5292 | Sewer    | Killed Purgy
  5292 | Sewer    | Reached skill level 14 in Stealth
  5779 | D:5      | Found a hazy altar of Hepliaklqana.
  5934 | D:4      | Reached XP level 8. HP: 37/37 MP: 9/9
  6040 | D:4      | Reached skill level 15 in Stealth
  6580 | D:5      | Reached * piety under Okawaru
  7391 | D:5      | HP: 2/58 [poisoned by Gottschkopf's ghost]
  7392 | D:5      | Succumbed to Gottschkopf's ghost's poison

Vault maps used:
D:1:      dpeg_arrival_concentric_ovals
D:2:      uniq_iyjb
D:3:      first_bread, st_stairs_9, cheibrodos_ashenzari_chains, uniq_grinder
D:5:      minmay_opposing_rooms, lemuel_coloured_pillars_altar,
          portal_sewer_entry_f, serial_curves, eino_curves_01, eino_curves_04
Temple:   eino_temple_scatter_basement
Sewer:    sewer_co_purgy_island

Skill      XL: |  1  2  3  4  5  6  7  8 |
---------------+-------------------------+-----
Stealth        | 6 7 8 9 11 12 14 15 | 15.3
Dodging        | 2 |  2.2
Fighting       | |  1.9
Short Blades   | |  2.6
Throwing       | |  2.6

Action                   |  1- 3 |  4- 6 |  7- 9 || total
-------------------------+-------+-------+-------++-------
Melee: Dagger            |   117 |   114 |   310 ||   541
 Fire: Blowgun           |    16 |    16 |     3 ||    35
  Use: Scroll            |       |     6 |     7 ||    13
       Potion            |       |     4 |     6 ||    10
 Stab: Sleeping          |     3 |    16 |     9 ||    28
       Distracted        |       |     1 |     2 ||     3
  Eat: Pizza             |       |     1 |     1 ||     2
       Royal jelly       |       |     1 |       ||     1
Armor: Robe              |    26 |     9 |    26 ||    61
       Skin              |       |       |    23 ||    23
Dodge: Dodged            |   114 |    94 |   207 ||   415
